 Dungeon Sprint DCSS version 0.17-a0-1184-gb75be8f (webtiles) character file.

498 Kidiri the Covert (level 6, -4/31 HPs)
             Began as a Felid Enchanter on June 1, 2015.
             Was a High Priest of Dithmenos.
             Slain by a molten gargoyle
             ... wielding a +0 flail
              (17 damage)
             ... in the Dungeon (Sprint VII: "The Pits").
             The game lasted 00:06:58 (1503 turns).

Kidiri the Covert (Felid Enchanter)                 Turns: 1503, Time: 00:06:59

Health: -4/31      AC:  2    Str:  4    XL:     6   Next: 94%
Magic:  11/15      EV: 25    Int: 17    God:    Dithmenos [*****.]
Gold:   0          SH:  0    Dex: 18    Spells: 5 memorised, 4 levels left
                                        Lives:  0   Deaths: 1

rFire  . . .     SeeInvis +       - Unarmed
rCold  . . .     Clarity  .     (armour unavailable)
rNeg   . . .     SustAt   .     (shield unavailable)
rPois  .         Gourm    .     (helmet unavailable)
rElec  .         Spirit   .     (cloak unavailable)
rCorr  .         Warding  .     (gloves unavailable)
rMut   .         NoTele   +     (boots unavailable)
MR     .....                    (no amulet)
Stlth  ++++++++..               (no ring)
                                (no ring)

@: wreathed by umbra, quick, not resistant to hostile enchantments,
extraordinarily stealthy
A: no armour, no weapons or thrown items, claws 1, fangs 3, see invisible,
carnivore 3, speed 1, shaggy fur 2, slow metabolism 1, sharp paws
a: Shadow Step, Shadow Form, Renounce Religion


You were in the Dungeon.
You worshipped Dithmenos.
Dithmenos was extremely pleased with you.
You were completely stuffed.

You visited 1 branch

Inventory:

Scrolls
 h - a scroll of blinking
 j - 3 scrolls of remove curse
 k - 5 scrolls of amnesia
 l - a scroll of summoning
Potions
 c - 5 potions of curing
 d - 6 potions of heal wounds
 e - a potion of haste
 f - 4 potions of magic
 g - 3 potions of berserk rage
 i - 2 potions of invisibility
Books
 a - a book of Maledictions

   Spells                             Type                      Level
   a - Corona                         Hexes                        1
   b - Ensorcelled Hibernation        Hexes/Ice                    2
   c - Confuse                        Hexes                        3
   d - Tukima's Dance                 Hexes                        3
   e - Dazzling Spray                 Conjuration/Hexes            3
Comestibles
 b - 8 meat rations
 m - 7 chunks of flesh


   Skills:
 * Level 6.1 Fighting
 * Level 8.7 Dodging
 * Level 9.4 Stealth
 * Level 6.1 Unarmed Combat
 * Level 5.9 Spellcasting
 + Level 1.8 Conjurations
 + Level 7.8 Hexes
 + Level 1.6 Ice Magic
 + Level 3.5 Invocations


You had 4 spell levels left.
You knew the following spells:

 Your Spells              Type           Power        Failure   Level  Hunger
a - Corona                Hex            ####...      1%          1    None
b - Confuse               Hex            ####....     1%          3    ##.....
c - Tukima's Dance        Hex            ####....     1%          3    ##.....
d - Ensorcelled Hibernat  Hex/Ice        ###...       2%          2    None
e - Dazzling Spray        Conj/Hex       ###.....     8%          3    ##.....


Dungeon Overview and Level Annotations

Branches:
Dungeon (1/1)

Altars:
Ashenzari
Cheibriados
Dithmenos
Elyvilon
Fedhas
Gozag
Kikubaaqudgha
Makhleb
Nemelex Xobeh
Okawaru
Qazlal
Ru
Sif Muna
Trog
Vehumet
Xom
Yredelemnul
Zin
The Shining One
Beogh
Jiyva
Lugonu


Innate Abilities, Weirdness & Mutations

You cannot wear armour.
You are incapable of wielding weapons or throwing items.
You have sharp claws.
You have razor-sharp teeth.
You have supernaturally acute eyesight.
You are carnivorous and can eat meat at any time.
You cover ground quickly.
You are covered in thick fur (AC +2).
You have a slow metabolism.
Your sharp claws are effective at attacking unaware monsters.


Message History

You scratch the molten gargoyle but do no damage.
The molten gargoyle is lightly damaged.
Your shadow hits the molten gargoyle but does no damage.
The molten gargoyle blasts magma at you!
The bolt of magma misses you.
You scratch the molten gargoyle but do no damage.
The molten gargoyle is lightly damaged.
The molten gargoyle closely misses you.
You scratch the molten gargoyle but do no damage.
The molten gargoyle is lightly damaged.
The molten gargoyle blasts magma at you!
The bolt of magma hits you!
Ouch! That really hurt!
You emit a cloud of dark smoke.
You scratch the molten gargoyle but do no damage.
The molten gargoyle is lightly damaged.
Your shadow hits the molten gargoyle but does no damage.
The molten gargoyle hits you with a flail!
Ouch! That really hurt!
You die...

#.####'##'###...<...#
#.#........##.......#
#.#........##.......#
#'###########.......#
#.......#..##########
#...#...#)######
#...#...#)#..K.#
#.##.##.#'#§...#
#...#...#§@9§.i+
#...#...#§#§§..#
#.......')#....#
################


You could see a molten gargoyle and a kobold (sleeping).

Vanquished Creatures
  Eustachio (D)
  Edmund (D)
  An ogre (D)
  A scorpion (D)
  A quasit (D)
  An orc wizard (D)
  A jelly (D)
  Ijyb (D)
  2 river rats (D)
  2 giant eyeballs (D)
  An ooze (D)
  An adder skeleton (D)
  A giant gecko (D)
  2 orcs (D)
  A bat zombie (D)
  A ball python (D)
  A giant gecko zombie (D)
  4 jackals (D)
24 creatures vanquished.

Notes
Turn   | Place    | Note
--------------------------------------------------------------
     0 | D        | Kidiri the Felid Enchanter began the quest for the Orb.
     0 | D        | Reached XP level 1. HP: 7/7 MP: 4/4
    31 | D        | Found a sacrificial altar of Ru.
    31 | D        | Found a basalt altar of Yredelemnul.
    31 | D        | Found a shadowy altar of Dithmenos.
    31 | D        | Found a deep blue altar of Sif Muna.
    31 | D        | Found a burning altar of Makhleb.
    31 | D        | Found a shimmering altar of Xom.
    31 | D        | Found an ancient bone altar of Kikubaaqudgha.
    31 | D        | Found a sparkling altar of Nemelex Xobeh.
    32 | D        | Found a glowing golden altar of the Shining One.
    32 | D        | Found a bloodstained altar of Trog.
    32 | D        | Found a shattered altar of Ashenzari.
    32 | D        | Found a white marble altar of Elyvilon.
    32 | D        | Found a snail-covered altar of Cheibriados.
    32 | D        | Found a blossoming altar of Fedhas.
    32 | D        | Found a radiant altar of Vehumet.
    32 | D        | Found a glowing silver altar of Zin.
    32 | D        | Found a corrupted altar of Lugonu.
    32 | D        | Found a viscous altar of Jiyva.
    32 | D        | Found a roughly hewn altar of Beogh.
    32 | D        | Found an iron altar of Okawaru.
    35 | D        | Became a worshipper of Dithmenos the Shadowed
    39 | D        | Found a stormy altar of Qazlal.
    39 | D        | Found an opulent altar of Gozag.
   392 | D        | Reached skill level 1 in Fighting
   407 | D        | Reached XP level 2. HP: 5/13 MP: 6/6
   601 | D        | Reached skill level 5 in Hexes
   606 | D        | Paralysed by a giant eyeball for 4 turns
   612 | D        | Acquired Dithmenos's first power
   622 | D        | Reached skill level 5 in Stealth
   623 | D        | Reached XP level 3. HP: 16/16 MP: 8/8
   639 | D        | Acquired Dithmenos's second power
   815 | D        | Learned a level 3 spell: Confuse
   819 | D        | Learned a level 3 spell: Tukima's Dance
   837 | D        | Noticed a scorpion
   838 | D        | Noticed Ijyb
   838 | D        | Noticed a quasit
   859 | D        | Killed a quasit
   859 | D        | Reached skill level 5 in Dodging
   859 | D        | Reached skill level 1 in Invocations
   859 | D        | Reached XP level 4. HP: 8/21 MP: 5/10
  1041 | D        | Paralysed by a giant eyeball for 4 turns
  1054 | D        | Killed a scorpion
  1054 | D        | Reached skill level 6 in Dodging
  1061 | D        | Noticed Edmund
  1088 | D        | Slain by Edmund
  1089 | D        | Reached XP level 3. HP: -1/18 MP: 2/9
  1161 | D        | Killed Edmund
  1161 | D        | Acquired Dithmenos's third power
  1161 | D        | Reached skill level 7 in Dodging
  1161 | D        | Reached skill level 5 in Unarmed Combat
  1161 | D        | Reached XP level 4. HP: 12/22 MP: 7/11
  1161 | D        | Reached XP level 5. HP: 13/25 MP: 8/13
  1331 | D        | Killed Ijyb
  1331 | D        | Reached skill level 5 in Fighting
  1331 | D        | Reached skill level 8 in Stealth
  1331 | D        | Reached skill level 5 in Spellcasting
  1347 | D        | Learned a level 2 spell: Ensorcelled Hibernation
  1351 | D        | Learned a level 3 spell: Dazzling Spray
  1374 | D        | Noticed an ogre
  1376 | D        | Killed an ogre
  1376 | D        | Reached skill level 1 in Conjurations
  1376 | D        | Reached skill level 1 in Ice Magic
  1376 | D        | Gained mutation: You are covered in thick fur (AC +2). [Felid growth]
  1376 | D        | Reached XP level 6. HP: 30/30 MP: 15/15
  1380 | D        | Noticed Eustachio
  1382 | D        | Killed Eustachio
  1382 | D        | Reached skill level 9 in Stealth
  1386 | D        | Noticed a jelly
  1386 | D        | Noticed an orc wizard
  1392 | D        | Killed a jelly
  1392 | D        | Acquired Dithmenos's fourth power
  1405 | D        | Killed an orc wizard
  1495 | D        | Noticed a spriggan
  1495 | D        | Noticed a molten gargoyle
  1503 | D        | Slain by a molten gargoyle

Vault maps used:
D:        pitsprint

Action                   |  1- 3 |  4- 6 || total
-------------------------+-------+-------++-------
Melee: Unarmed           |    62 |    41 ||   103
 Cast: Confuse           |     2 |     6 ||     8
       Corona            |       |     2 ||     2
  Use: Potion            |       |     1 ||     1
 Stab: Sleeping          |     3 |     5 ||     8
       Confused          |     4 |     2 ||     6
  Eat: Chunk             |     9 |     4 ||    13
